 Dungeon Crawl Stone Soup version 0.22-a0-228-g3692b99 (webtiles) character file.

81 b5mith the Skirmisher (level 4, -4/61 HPs)
             Began as a Minotaur Berserker on Feb 19, 2018.
             Was a Follower of Trog.
             Slain by a gnoll
             ... wielding a +0 spear
              (10 damage)
             ... on level 2 of the Dungeon.
             The game lasted 00:03:02 (1081 turns).

b5mith the Skirmisher (Minotaur Berserker)          Turns: 1081, Time: 00:03:02

Health: -4/61      AC:  2    Str: 27    XL:     4   Next: 20%
Magic:  3/3        EV: 13    Int:  4    God:    Trog [*.....]
Gold:   76         SH:  0    Dex: 10    Spells: 3/3 levels left

rFire    . . .     SeeInvis .   a - +0 spear
rCold    . . .     Gourm    .   (no shield)
rNeg     . . .     Faith    .   b - +0 animal skin
rPois    .         Spirit   .   (helmet restricted)
rElec    .         Reflect  .   (no cloak)
rCorr    .         Harm     .   (no gloves)
MR       .....                  (no boots)
Stlth    ..........             (no amulet)
HPRegen  0.20/turn              (no ring)
MPRegen  0.08/turn              (no ring)

@: berserking (expiring), very quick
A: retaliatory headbutt, horns 2
a: Berserk, Renounce Religion


You were on level 2 of the Dungeon.
You worshipped Trog.
Trog was aware of your devotion.
You were not hungry.

You visited 1 branch of the dungeon, and saw 2 of its levels.

You collected 76 gold pieces.

Inventory:

Hand Weapons
 a - a +0 spear (weapon)
Missiles
 k - 38 stones (quivered)
Armour
 b - a +0 animal skin (worn)
Scrolls
 e - a scroll of magic mapping {unknown}
 f - 2 scrolls of remove curse {@r2}
 h - a scroll of identify {@r1}
 i - 2 scrolls of teleportation {unknown}
 j - a scroll of fear {unknown}
 l - a scroll of fog {unknown}
Potions
 d - 2 potions of flight
 m - a potion of brilliance {unknown}
 n - a potion of curing {unknown}
Comestibles
 c - 4 rations
 g - 3 chunks of flesh


   Skills:
 + Level 4.4 Fighting
 + Level 4.3 Polearms
 + Level 3.4 Armour
 + Level 3.1 Dodging


You had 3 spell levels left.
You didn't know any spells.

Dungeon Overview and Level Annotations

Branches:
Dungeon (2/15)

Altars:
Makhleb
Xom


Innate Abilities, Weirdness & Mutations

You reflexively headbutt those who attack you in melee.
You have a pair of horns on your head.


Message History

* * * LOW HITPOINT WARNING * * *
The gnoll hits you from afar with a spear.
* * * LOW HITPOINT WARNING * * *
The gnoll closely misses you.
There is an open door here.
Things that are here:
a club; a gnoll corpse You feel a strong urge to attack something.
The gnoll hits you from afar with a spear.
* * * LOW HITPOINT WARNING * * *
The gnoll misses you.
There is an open door here.
Things that are here:
a club; a gnoll corpse You puncture the gnoll!
The gnoll is severely wounded.
The gnoll hits you with a spear.
* * * LOW HITPOINT WARNING * * *
The gnoll hits you from afar with a spear!
You die...

.....................#...........
...........#...#####.#...........
....###....#...# .....####.......
#...# #....#...##.....## #.......
#...###....#....#....... ........
....#......#....#...J...
....#......#..<.#.......
....#......#....#g....#
.....##....#.>..@gg...#
#....##.........#.....#
................+.......
.....####.......########
...................#
.[.##............###
...##...........##
...######......## .....# #......#


You could see 3 gnolls and an ooze.

Vanquished Creatures
  A hound (D:2)
  A gnoll (D:2)
  An ooze (D:2)
  A dart slug (D:2)
  2 bats (D:2)
  5 giant cockroaches
  3 goblins (D:2)
  4 hobgoblins
  3 jackals (D:1)
  4 kobolds
  2 quokkas (D:2)
  3 frilled lizards
  4 rats (D:1)
34 creatures vanquished.

Notes
Turn   | Place    | Note
-------+----------+-------------------------------------------
     0 | D:1      | b5mith the Minotaur Berserker began the quest for the Orb.
     0 | D:1      | Reached XP level 1. HP: 19/19 MP: 0/0
   312 | D:1      | Reached XP level 2. HP: 27/27 MP: 1/1
   646 | D:1      | You fall through a shaft!
   716 | D:2      | Reached XP level 3. HP: 24/33 MP: 2/2
   957 | D:2      | Found a burning altar of Makhleb.
   970 | D:2      | Found a shimmering altar of Xom.
  1006 | D:2      | Reached XP level 4. HP: 40/41 MP: 3/3
  1081 | D:2      | Slain by a gnoll

Vault maps used:
D:1:      sevenhm_arrival_forest_fort_large_3, st_stairs_7
D:2:      grunt_temple_overflow_open, marbit_many_paths

Skill      XL: |  1  2  3 |
---------------+----------+-----
Polearms       | 4 |  4.3
Fighting       | 4 |  4.4
Armour         | 3 |  3.4
Dodging        | 3 |  3.1

Action                   |  1- 3 |  4- 6 || total
-------------------------+-------+-------++-------
Melee: Spear             |    79 |    12 ||    91
       Headbutt          |    10 |     1 ||    11
Invok: Berserk           |       |     1 ||     1
  Use: Scroll            |     2 |       ||     2
  Eat: Chunk             |       |     1 ||     1
Armor: Animal skin       |    12 |     3 ||    15
Dodge: Dodged            |    40 |    10 ||    50

Table legend:
 A = Spawn XP
 B = Non-spawn XP
 C = Spawn XP percentage of total XP
 D = Spawn monster count
 E = Non-spawn monster count
 F = Spawn count percentage of total count
 G = Total turns spent on level
                    A         B        C        D         E        F      G
               +---------+---------+-------+---------+---------+-------+---------
         Total |       0 |     117 |   0.0 |       0 |      34 |   0.0 |  1081
               +---------+---------+-------+---------+---------+-------+---------
           D:1 |       0 |      29 |   0.0 |       0 |      18 |   0.0 |   646
           D:2 |       0 |      88 |   0.0 |       0 |      16 |   0.0 |   435
               +---------+---------+-------+---------+---------+-------+---------
